 Dungeon Crawl Stone Soup version 0.17-a0-1951-g62301d3 (webtiles) character file.

11545 tp1 the Cleaver (level 11, -3/60 HPs)
             Began as a Gargoyle Berserker on Oct 2, 2015.
             Was a High Priest of Trog.
             Slain by Rupert
             ... wielding a +2 great mace of holy wrath
              (9 damage)
             ... on level 12 of the Dungeon.
             The game lasted 01:06:13 (7565 turns).

tp1 the Cleaver (Gargoyle Berserker)                Turns: 7565, Time: 01:06:13

Health: -3/60      AC: 26    Str: 35    XL:     11   Next: 79%
Magic:  11/11      EV:  9    Int:  7    God:    Trog [*****.]
Gold:   331        SH:  0    Dex:  9    Spells: 0 memorised, 10 levels left

rFire  + + .     SeeInvis +     d - +2 dire flail
rCold  x . .     Clarity  .     x - +0 plate armour
rNeg   + . .     SustAt   .     (no shield)
rPois  ∞         Gourm    .     (no helmet)
rElec  +         Spirit   .     A - +0 cloak of Xyfef {*Corrode rF+ rC- Str+10}
rCorr  .         Warding  .     r - +2 pair of gloves {archery}
rMut   .         Stasis   .     I - +2 pair of boots
MR     ++...                    (no amulet)
Stlth  ..........               N - ring of protection from fire
                                g - ring of see invisible

@: corroded equipment, regenerating, very resistant to hostile enchantments,
extremely unstealthy
A: negative energy resistance 1, electricity resistance, unbreathing,
petrification resistance, rot immunity, AC +7
a: Burn Spellbooks, Berserk, Trog's Hand, Brothers in Arms, Renounce Religion


You were on level 12 of the Dungeon.
You worshipped Trog.
Trog was extremely pleased with you.
You were hungry.

You visited 1 branch of the dungeon, and saw 12 of its levels.

You collected 598 gold pieces.
You spent 267 gold pieces at shops.

Inventory:

Hand weapons
 a - the +11 mace of Suicidal Tendencies {pain, rC- rN++, unknown}
   (You found it on level 10 of the Dungeon)

   In the hands of one skilled in necromantic magic, it inflicts extra damage on
   living creatures.
   It makes you vulnerable to cold.
   It greatly protects you from negative energy.
 b - a +0 mace
 d - a +2 dire flail (weapon)
 l - a +1 halberd
 u - a +1 flail of protection
 y - a +0 war axe
 O - a +3 war axe
Armour
 r - a +2 pair of gloves of archery (worn)
 x - a +0 plate armour (worn)
 A - the +0 cloak of Xyfef (worn) {*Corrode rF+ rC- Str+10}
   (You bought it in a shop on level 9 of the Dungeon)

   It affects your strength (+10).
   It protects you from fire.
   It makes you vulnerable to cold.
   It may corrode your equipment when you take damage.
 I - a +2 pair of boots (worn)
 R - a +2 ring mail of magic resistance
Jewellery
 g - a ring of see invisible (left hand)
 M - an uncursed ring of wizardry
 N - a ring of protection from fire (right hand)
 P - a +2 ring of intelligence
Magical devices
 e - a wand of random effects (28)
 n - a wand of magic darts (41)
 v - a wand of slowing (37)
 w - a wand of disintegration (5)
 z - a wand of polymorph (8)
 J - a wand of slowing (7)
 Q - a wand of disintegration (22)
 T - a wand of enslavement (17)
Scrolls
 h - 2 scrolls of teleportation
 i - a scroll of remove curse
 j - 2 scrolls of immolation
 m - a scroll of enchant armour
 t - a scroll of fog
 B - a scroll of amnesia
 D - 2 scrolls of silence
 W - a scroll of fear
 X - a scroll of identify
 Y - a scroll of torment {unknown}
Potions
 f - 2 potions of haste
 o - a potion of flight
 s - 3 potions of lignification
 C - a potion of cure mutation
Books
 E - a book of Annihilations

   Spells                             Type                      Level
   a - Poison Arrow                   Conjuration/Poison           6
   b - Chain Lightning                Conjuration/Air              8
   c - Lehudib's Crystal Spear        Conjuration/Earth            8
   d - Glaciate                       Conjuration/Ice              9
   e - Fire Storm                     Conjuration/Fire             9
   Trog disapproves of the use of such an item.
 G - a book of Spatial Translocations

   Spells                             Type                      Level
   a - Apportation                    Translocation                1
   b - Blink                          Translocation                2
   c - Shroud of Golubria             Charms/Translocation         2
   d - Portal Projectile              Translocation                3
   e - Teleport Other                 Translocation                3
   f - Passage of Golubria            Translocation                4
   Trog disapproves of the use of such an item.
 L - a book of Enchantments

   Spells                             Type                      Level
   a - Cause Fear                     Hexes                        4
   b - Silence                        Hexes/Air                    5
   c - Deflect Missiles               Charms/Air                   6
   d - Haste                          Charms                       6
   e - Discord                        Hexes                        8
   Trog disapproves of the use of such an item.
Miscellaneous
 S - a box of beasts
Comestibles
 c - 4 bread rations
 k - 2 slices of pizza
 p - 5 meat rations
 F - 3 royal jellies
 K - 4 fruits


   Skills:
 - Level 3.4 Fighting
 - Level 11.6(12.7) Axes
 * Level 9.7(12.3) Maces & Flails
 + Level 10.3 Armour
 - Level 2.0 Dodging
 + Level 0.8 Evocations


You had 10 spell levels left.
You didn't know any spells.

Dungeon Overview and Level Annotations

Branches:
Dungeon (12/15)            Temple (0/1) D:5            Lair (0/8) D:8
    Orc: D:9-12

Altars:
Dithmenos
Gozag
Kikubaaqudgha
Nemelex Xobeh
Vehumet

Shops:
D:9 [   D:10 *   D:11 =

Annotations:
D:12 Rupert


Innate Abilities, Weirdness & Mutations

You are resistant to torment.
Your stone body is resilient (AC +7).
You are immune to poison.
You resist negative energy.
You are resistant to electric shocks.
You can survive without breathing.
You are immune to petrification.
You are immune to rotting.


Message History

Rupert is heavily wounded.
Rupert roars madly and goes into a rage!
Rupert goes berserk!
You closely miss Rupert.
Rupert is heavily wounded.
Rupert hits you with a great mace of holy wrath!!
* * * LOW HITPOINT WARNING * * *
You hit Rupert.
Rupert is heavily wounded.
You are feeling hungry.
Use which ability?
Okay, then.
Use which ability?
Your skin crawls.
You feel resistant to hostile enchantments.
You feel slightly more hungry.
Rupert hits you with a great mace of holy wrath!
* * * LOW HITPOINT WARNING * * *
Rupert hits you with a great mace of holy wrath!
You die...

..................
...................
....................
.....###.....).......
.....#####...)........
.......#####............
........#####..).........
.........###.....#.......
.............@@.###......
................#.......
#...................... .
##.....................
...#......$..............
.....................!.
......<<<..............
#######################


You could see Rupert (berserk).

Vanquished Creatures
  An ettin (D:11)
  Erolcha (D:9)
  A deep troll (D:11)
  A hill giant (D:10)
  2 ugly things
  The ghost of Uberwunderbarhen the Ducker, an experienced OpFi (D:5)
  A komodo dragon (D:11)
  A shadow (D:11)
  2 deep elf magi
  2 hungry ghosts
  9 yaks (D:11)
  2 hippogriffs
  A mottled dragon (D:11)
  A steam dragon (D:11)
  2 wolves (D:8)
  2 ice beasts
  2 orc warriors
  7 ogres
  4 necrophages (D:9)
  A phantom (D:10)
  2 sky beasts
  2 eyes of draining
  2 centaurs
  A crocodile (D:11)
  2 big kobolds (D:8)
  6 giant frogs
  A wyvern skeleton (D:8)
  A water moccasin zombie (D:11)
  A killer bee (D:9)
  3 scorpions
  7 wights
  3 crimson imps
  4 electric eels (D:8)
  A quasit (D:9)
  3 orc priests
  3 centaur skeletons
  9 hounds
  2 gnoll shamans (D:7)
  4 jellies
  6 orc wizards
  A giant frog skeleton (D:9)
  7 worker ants
  2 killer bee zombies
  2 iguanas
  2 hound skeletons
  A worker ant zombie (D:10)
  7 gnolls
  13 adders
  2 oozes
  An adder skeleton (D:9)
  A worm (D:2)
  4 giant geckos
  19 orcs
  A ball python (D:6)
  7 bats
  A bat zombie (D:2)
  8 goblins
  7 hobgoblins
  6 jackals
  15 kobolds
  4 quokkas
  5 giant cockroaches
  A giant newt (D:3)
  A quokka skeleton (D:6)
  5 rats
  A plant (D:9)
231 creatures vanquished.

Vanquished Creatures (collateral kills)
  5 killer bees (D:9)
  A giant frog zombie (D:9)
  A crimson imp (D:9)
7 creatures vanquished.

Grand Total: 238 creatures vanquished

Notes
Turn   | Place    | Note
--------------------------------------------------------------
     0 | D:1      | tp1 the Gargoyle Berserker began the quest for the Orb.
     0 | D:1      | Reached XP level 1. HP: 14/14 MP: 1/1
   216 | D:1      | Reached XP level 2. HP: 14/19 MP: 2/2
   609 | D:1      | Reached XP level 3. HP: 23/23 MP: 3/3
   751 | D:2      | Acquired Trog's second power
   773 | D:2      | Found an opulent altar of Gozag.
  1075 | D:2      | Reached XP level 4. HP: 18/28 MP: 4/4
  1077 | D:2      | Reached skill level 4 in Armour
  1116 | D:2      | Found an ancient bone altar of Kikubaaqudgha.
  1317 | D:2      | You fall through a shaft for 2 floors!
  1764 | D:2      | Reached XP level 5. HP: 32/32 MP: 5/5
  1883 | D:3      | Reached skill level 5 in Armour
  1973 | D:3      | You fall through a shaft for 3 floors!
  2018 | D:5      | Entered Level 5 of the Dungeon
  2039 | D:5      | Reached skill level 1 in Maces & Flails
  2078 | D:5      | Noticed Uberwunderbarhen's ghost (experienced OpFi)
  2109 | D:5      | Killed Uberwunderbarhen's ghost
  2109 | D:5      | Reached skill level 6 in Armour
  2109 | D:5      | Reached XP level 6. HP: 27/37 MP: 6/6
  2109 | D:5      | Reached XP level 7. HP: 29/41 MP: 7/7
  2180 | D:5      | Reached skill level 7 in Armour
  2568 | D:5      | Found a staircase to the Ecumenical Temple.
  2657 | D:6      | Noticed a sky beast
  2692 | D:6      | Killed a sky beast
  2914 | D:6      | Noticed a phantom
  2948 | D:7      | Reached skill level 8 in Armour
  2948 | D:7      | Reached XP level 8. HP: 38/46 MP: 8/8
  3066 | D:7      | Identified a scroll of acquirement
  3237 | D:7      | Noticed a hippogriff
  3245 | D:7      | Reached skill level 5 in Axes
  3252 | D:7      | Killed a hippogriff
  3534 | D:8      | Reached XP level 9. HP: 43/51 MP: 2/9
  3651 | D:8      | Found a shadowy altar of Dithmenos.
  3651 | D:8      | Found a radiant altar of Vehumet.
  3813 | D:8      | HP: 2/51 [orc priest/divine providence (14)]
  3829 | D:8      | Reached skill level 9 in Axes
  3998 | D:8      | Found a staircase to the Lair.
  4138 | D:8      | Found a sparkling altar of Nemelex Xobeh.
  4236 | D:8      | Acquired Trog's third power
  4312 | D:8      | Noticed a troll
  4552 | D:8      | Reached skill level 10 in Axes
  4606 | D:8      | Reached XP level 10. HP: 53/56 MP: 10/10
  4643 | D:9      | Found Hint's Antique Armour Boutique.
  4651 | D:9      | Bought a dazzling cloak for 209 gold pieces
  4656 | D:9      | Identified the +0 cloak of Xyfef {*Corrode rF+ rC- Str+10} (You bought it in a shop on level 9 of the Dungeon)
  4810 | D:9      | Noticed Erolcha
  4824 | D:9      | Killed Erolcha
  4824 | D:9      | Reached skill level 11 in Axes
  5302 | D:10     | Entered Level 10 of the Dungeon
  5381 | D:10     | Reached skill level 5 in Maces & Flails
  5478 | D:10     | Got a slimy mace
  5601 | D:10     | Found Acaom's Assorted Antiques.
  5607 | D:10     | Bought 2 scrolls labeled CECSOA WIKKE for 58 gold pieces
  5749 | D:10     | Noticed a hill giant
  5763 | D:10     | Killed a hill giant
  6306 | D:11     | Noticed a deep troll
  6307 | D:11     | Noticed an ettin
  6319 | D:11     | Killed a deep troll
  6319 | D:11     | Reached XP level 11. HP: 35/60 MP: 11/11
  6324 | D:11     | Killed an ettin
  6981 | D:11     | Reached skill level 10 in Armour
  6993 | D:11     | Found Qacyar's Jewellery Shop.
  7531 | D:12     | Noticed Rupert
  7547 | D:12     | Paralysed by Rupert for 2 turns
  7565 | D:12     | Slain by Rupert

Vault maps used:
D:1:      roderic_crop_circles_arrival_small, st_stairs_4, eino_curves_01,
          minmay_misc_feat_doors
D:2:      lemuel_zombie_altar_kikubaaqudgha, overflow_temple_1_default
D:3:      lemuel_round_altar, first_bread, cheibrodos_ashenzari_chains
D:4:      kennysheep_generic_room_10
D:5:      temple_green, minmay_tree_intersection
D:6:      kennysheep_steamy, uniq_edmund
D:7:      minmay_misc_feat_pillars
D:8:      gammafunk_temple_overflow_wave, nemelex_deck, erik_lair_island
D:9:      serial_undead, serial_undead_f, serial_undead_a, serial_undead_a,
          serial_undead_e, serial_undead_c, serial_undead_d, serial_undead_e,
          serial_undead_d, serial_undead_b, serial_undead_a, serial_shops,
          shop_fountains, uniq_erolcha
D:10:     serial_shops, nicolae_shop_trees
D:11:     minmay_diamond_stairs, serial_shops, shop
D:12:     uniq_rupert, uniq_nergalle

Action                   |  1- 3 |  4- 6 |  7- 9 | 10-12 || total
-------------------------+-------+-------+-------+-------++-------
Melee: Hand axe          |   129 |    30 |       |       ||   159
       Flail             |       |    44 |   234 |    60 ||   338
       War axe           |       |       |   226 |    23 ||   249
       Mace              |       |       |    11 |       ||    11
       Dire flail        |       |       |       |   315 ||   315
       Halberd           |       |       |       |    14 ||    14
Invok: Berserk           |       |     4 |     7 |     3 ||    14
       Trog's Hand       |       |     4 |     7 |     4 ||    15
       Brothers in Arms  |       |       |       |     2 ||     2
Evoke: Wand              |       |       |       |     2 ||     2
  Use: Scroll            |       |       |     9 |     9 ||    18
       Potion            |       |       |       |    12 ||    12
  Eat: Chunk             |     1 |     7 |    15 |    15 ||    38
       Bread ration      |       |       |     1 |     3 ||     4
